 Dungeon Sprint DCSS version 0.30-a0-250-g41c1d76940 (webtiles) character file.

Game seed: 6849158085629388581

1153 rocky1 the Nimble (level 8, -1/67 HPs)
             Began as a Djinni Fire Elementalist on Oct 13, 2022.
             Was an Initiate of Gozag.
             Slain by Snorg (29 damage)
             ... in the Dungeon (Sprint III: "The Ten Rune Challenge").
             The game lasted 00:05:20 (906 turns).

rocky1 the Nimble (Djinni Fire Elementalist)         Turns: 906, Time: 00:05:22

Health: -1/67      AC:  3    Str:  7    XL:     8   Next: 65%
Gold:   340        EV: 17    Int: 19    God:    Gozag SH:  0 Dex: 14

rFire   + + .      SeeInvis .    o - +1 long sword (holy)
rCold   . . .      Faith    .    (no shield)
rNeg    . . .      Spirit   .    i - +1 robe {rC+}
rPois   ∞          Reflect  .    (no helmet)
rElec   .          Harm     .    (no cloak)
rCorr   .          Rampage  .    (no gloves)
Will    .....      NoTele   +    (boots unavailable)
Stlth   ++........               (no amulet)
HPRegen 0.31/turn                (no ring)
MPRegen 0.00/turn                (no ring)

@: flying
A: sickness immunity, fire resistance 2, cold vulnerability 1, float, innate
caster, HP casting, extra vitality 1
a: Renounce Religion, Potion Petition, Call Merchant, Bribe Branch


You were in the Dungeon.
You worshipped Gozag.
Gozag was aware of your devotion.
You visited 1 branch You collected 340 gold pieces.

Inventory:

Hand Weapons
 h - a +0 club
 o - a +1 long sword of holy wrath (weapon)
Armour
 a - a +0 robe
 i - a +1 robe of cold resistance (worn)
 p - a +0 ring mail
Scrolls
 f - a scroll of blinking
 j - a scroll of poison {unknown}
 k - 2 scrolls of identify {unknown}
 l - a scroll of torment {unknown}
Potions
 b - a potion of curing
 d - a potion of haste
 e - a potion of berserk rage
 g - 2 potions of attraction {unknown}
 m - 6 potions of mutation
Miscellaneous
 c - a phial of floods


   Skills:
 - Level 9.0 Fighting
 + Level 0.0 Long Blades
 - Level 8.1 Armour
 - Level 10.2 Dodging
 - Level 3.6 Stealth
 + Level 7.4 Spellcasting


You had 2 spell levels left.
You knew the following spells:

 Your Spells              Type           Power      Damage    Failure   Level
a - Foxfire               Conj/Fire      100%       2x1d9     1%          1
b - Scorch                Fire           70%        2d9       1%          2
c - Kindle Blastsparks    Fire/Tloc/Air  70%        2d15      1%          3
d - Inner Flame           Hex/Fire       35%        N/A       1%          3
e - Flame Wave            Conj/Fire      35%        2d10      4%          4
f - Apportation           Tloc           70%        N/A       1%          1
g - Poisonous Vapours     Pois/Air       70%        N/A       1%          2
h - Dazzling Flash        Conj/Hex       70%        N/A       1%          3
Your spell library was empty.

Dungeon Overview and Level Annotations

Branches:
Dungeon (1/1)

Altars:
Cheibriados
Dithmenos
Elyvilon
Fedhas
Gozag
Hepliaklqana
Makhleb
Nemelex Xobeh
Okawaru
Qazlal
Ru
Trog
Uskayaw
Wu Jian
Xom
Yredelemnul
Zin
The Shining One
Jiyva
Lugonu

Annotations:
D Snorg


Innate Abilities, Weirdness & Mutations

You are immune to sickness and miasma.
You are immune to poison.
Your flesh is very heat resistant. (rF++)
You are vulnerable to cold. (rC-)
You float through the air rather than walking.
You learn spells naturally, not from books.
Your magical power is your life essence.
You have superior vitality. (+4 MHP)


Message History

You don't know that spell.
Casting: Foxfire (safe; 1% risk of failure)
Confirm with . or Enter, or press ? or * to list all spells.
Flames lash Snorg.
Snorg shouts!
Snorg is lightly wounded.
Snorg's fire resistance burns away.
The foxfire hits Snorg.
Snorg is burned terribly!
Snorg is lightly wounded.
The foxfire hits Snorg.
Snorg is burned terribly!
Snorg is lightly wounded.
The foxfire hits Snorg!
Snorg is burned terribly!
Snorg is moderately wounded.
Snorg goes berserk!
Casting: Scorch (safe; 1% risk of failure)
Confirm with . or Enter, or press ? or * to list all spells.
You conjure some foxfire!
Casting: Foxfire (safe; 1% risk of failure)
Confirm with . or Enter, or press ? or * to list all spells.
Flames lash Snorg.
Snorg is burned terribly!
Snorg is moderately wounded.
The foxfire hits Snorg.
Snorg is moderately wounded.
The foxfire hits Snorg.
Snorg is moderately wounded.
Snorg bites you. Snorg claws you! x2
Casting: Scorch (safe; 1% risk of failure)
Confirm with . or Enter, or press ? or * to list all spells.
Flames lash Snorg.
Snorg is burned terribly!
Snorg is heavily wounded.
Snorg is engulfed in a cloud of scalding steam.
Snorg bites you. Snorg barely misses you. Snorg claws you!!
* * * LOW HITPOINT WARNING * * *
You feel much better.
Snorg is engulfed in a cloud of scalding steam.
Snorg bites you. Snorg closely misses you. Snorg claws you!
Snorg is engulfed in a cloud of scalding steam.
Snorg bites you!!
You die...
Your body crumbles into a pile of gold.

♣.############ $
♣.#___#___#__#$ $ $
..#...#__)#._# $
♣.###'#'###'## $
♣.#..........# $$
♣.'.⌠........#$$$$$
$ ..#...######'#$ $$
$ $
..#.⌠.#__#...#+#####
..#...#_v#...#§§@§§+
..#'###__#...#.#T§§#
..#)):#__#...'.#§§.#
..#___#__+...#.#§§.#
▓▓▓▓▓▓▓▓▓▓▓▓▓▓▓▓▓▓▓▓


You could see Snorg (berserk, combustible).

Vanquished Creatures
  A deep elf pyromancer (D)
  A shadow (D)
  A necrophage (D)
  A water elemental (D)
  A jelly (D)
  Jessica (D)
  A wizard (D)
  A necromancer (D)
  3 humans (D)
  A kobold demonologist (D)
  A wolf (D)
  2 rats (D)
15 creatures vanquished.

Vanquished Creatures (others)
  13 foxfires (D)
13 creatures vanquished.

Grand Total: 28 creatures vanquished

Notes
Turn   | Place    | Note
-------+----------+-------------------------------------------
     0 | D        | rocky1 the Djinni Fire Elementalist began the quest for the
                  | Orb.
     0 | D        | rocky1 set off with the following spells memorised:
                  | Foxfire, Scorch, Kindle Blastsparks, Inner Flame, Flame
                  | Wave.
     0 | D        | Reached XP level 1. HP: 15/15 MP: 0/0
    13 | D        | Noticed Jessica
    17 | D        | Killed Jessica
    18 | D        | Reached skill level 3 in Dodging
    18 | D        | Reached XP level 2. HP: 20/24 MP: 0/0
    18 | D        | Reached XP level 3. HP: 25/29 MP: 0/0
    18 | D        | Learned a level 1 spell: Apportation
   155 | D        | Reached skill level 4 in Dodging
   230 | D        | Reached XP level 4. HP: 31/35 MP: 0/0
   274 | D        | Noticed a water elemental
   278 | D        | Killed a water elemental
   279 | D        | Reached skill level 5 in Dodging
   279 | D        | Reached XP level 5. HP: 34/42 MP: 0/0
   279 | D        | Learned a level 2 spell: Poisonous Vapours
   474 | D        | Noticed a sixfirhy
   478 | D        | Reached skill level 5 in Fighting
   478 | D        | Reached skill level 6 in Dodging
   562 | D        | Noticed a shadow
   564 | D        | Killed a shadow
   565 | D        | Reached skill level 5 in Armour
   565 | D        | Reached skill level 7 in Dodging
   565 | D        | Reached skill level 5 in Spellcasting
   565 | D        | Reached XP level 6. HP: 48/51 MP: 0/0
   596 | D        | Found a blossoming altar of Fedhas.
   596 | D        | Found a stormy altar of Qazlal.
   596 | D        | Found a snail-covered altar of Cheibriados.
   596 | D        | Found a burning altar of Makhleb.
   596 | D        | Found a shimmering altar of Xom.
   597 | D        | Found a hazy altar of Hepliaklqana.
   597 | D        | Found an opulent altar of Gozag.
   597 | D        | Found a sparkling altar of Nemelex Xobeh.
   597 | D        | Found a corrupted altar of Lugonu.
   597 | D        | Found a viscous altar of Jiyva.
   597 | D        | Noticed a spatial vortex
   602 | D        | Became a worshipper of Gozag Ym Sagoz the Greedy
   716 | D        | Found a glowing silver altar of Zin.
   716 | D        | Found a glowing golden altar of the Shining One.
   716 | D        | Found a white marble altar of Elyvilon.
   716 | D        | Noticed a deep elf pyromancer
   721 | D        | Killed a deep elf pyromancer
   722 | D        | Reached skill level 9 in Dodging
   722 | D        | Reached XP level 7. HP: 50/60 MP: 0/0
   722 | D        | Learned a level 3 spell: Dazzling Flash
   722 | D        | Reached XP level 8. HP: 55/66 MP: 0/0
   736 | D        | Found a hide-covered altar of Uskayaw.
   736 | D        | Found an iron altar of Okawaru.
   736 | D        | Found a bloodstained altar of Trog.
   736 | D        | Found an ornate altar of the Wu Jian Council.
   736 | D        | Noticed a human
   736 | D        | Noticed a human
   744 | D        | Killed a human
   745 | D        | Killed a human
   746 | D        | Reached skill level 10 in Dodging
   863 | D        | Found a basalt altar of Yredelemnul.
   863 | D        | Found a shadowy altar of Dithmenos.
   863 | D        | Found a sacrificial altar of Ru.
   898 | D        | Noticed Snorg
   906 | D        | Slain by Snorg

Illustrated notes

Levels and vault maps discovered:
D:        dungeon_sprint_mu [sprint_mu_entry_forest, sprint_mu_temple_rooms,
          sprint_mu_d1_horrors, sprint_mu_d2_genie, sprint_mu_d3_branching,
          sprint_mu_orc_legion, sprint_mu_elf_gauntlet, sprint_mu_hive_nellie,
          sprint_mu_lair_fedhas, sprint_mu_vaults_butterflies,
          sprint_mu_slime_circle, sprint_mu_swamp_cave, sprint_mu_shoals_archi,
          sprint_mu_blade_basic, sprint_mu_crypt_lich, sprint_mu_tomb_spiral,
          sprint_mu_vestibule_basic, sprint_mu_gehenna_hellfire,
          sprint_mu_dis_giant, sprint_mu_tartarus_statrot,
          sprint_mu_cocytus_islands, sprint_mu_zot1]

Skill      XL: |  1  2  3  4  5  6  7  8 |
---------------+-------------------------+-----
Fighting       | 2 3 4 6 8 9 |  9.0
Dodging        | 3 4 5 7 9 10 | 10.2
Stealth        | 3 |  3.6
Spellcasting   | 3 4 5 6 7 |  7.4
Armour         | 2 5 7 8 |  8.1

Action                   |  1- 3 |  4- 6 |  7- 9 || total
-------------------------+-------+-------+-------++-------
Melee: Club              |       |     1 |       ||     1
 Cast: Foxfire           |     6 |       |     3 ||     9
       Scorch            |     6 |    18 |    15 ||    39
  Use: Potion            |       |     1 |     1 ||     2
Armor: Robe              |       |       |     1 ||     1
Dodge: Dodged            |     2 |     8 |     8 ||    18

Table legend: (Time is in decaauts)
 A = Elapsed time spent in this place.
 B = Non-inter-level travel time spent in this place.
 C = Inter-level travel time spent in this place.
 D = Time resting spent in this place.
 E = Time spent auto-exploring this place.
 F = Levels seen in this place.
 G = Mean time per level.
                   A        B        C        D        E       F      G
               +--------+--------+--------+--------+--------+-----+--------+
         Total |    905 |    905 |      0 |    602 |      0 |   1 |  905.0 |
       Dungeon |    905 |    905 |      0 |    602 |      0 |   1 |  905.0 |
               +--------+--------+--------+--------+--------+-----+--------+

Top non-repeatable levels by time:
       D: 905 daAuts
